 Dungeon Crawl Stone Soup version 0.28.0-53-g5a82cb258f (webtiles) character file.

Game seed: 16003978567332019385

2340 safid the Severer (level 9, -2/71 HPs)
             Began as a Hill Orc Fighter on Aug 15, 2022.
             Was a Follower of Okawaru.
             Killed from afar by Dowan (20 damage)
             ... with a shard of ice
             ... on level 7 of the Dungeon.
             The game lasted 00:07:37 (7009 turns).

safid the Severer (Hill Orc Fighter)                Turns: 7009, Time: 00:07:38

Health: -2/71      AC:  0    Str: 23    XL:     9   Next: 43%
Magic:  6/9        EV: 15    Int:  8    God:    Okawaru [*.....]
Gold:   195        SH:  5    Dex: 10    Spells: 8/8 levels left

rFire   . . .      SeeInvis .     - Unarmed
rCold   . . .      Faith    .   (shield currently unavailable)
rNeg    . . .      Spirit   .   (armour currently unavailable)
rPois   .          Reflect  +   (helmet currently unavailable)
rElec   .          Harm     .   (cloak currently unavailable)
rCorr   .          Rampage  .   (gloves currently unavailable)
Will    .....                   (boots currently unavailable)
Stlth   +++.......              q - amulet of reflection
HPRegen 0.21/turn               (ring currently unavailable)
MPRegen 0.11/turn               (ring currently unavailable)

@: pig-form, heroic, studying Polearms, very quick
A: fast, no casting, small
a: Renounce Religion, Heroism


You were on level 7 of the Dungeon.
You worshipped Okawaru.
Okawaru was aware of your devotion.
You were a filthy swine.
You visited 2 branches of the dungeon, and saw 8 of its levels.

You collected 330 gold pieces.
You spent 135 gold pieces at shops.

Inventory:

Hand Weapons
 a - a +0 war axe (melded)
Missiles
 v - a curare-tipped dart (quivered)
 B - 2 poisoned darts
 C - 2 throwing nets
Armour
 c - a +0 buckler (melded)
 m - a +0 chain mail (melded)
 o - a +0 helmet (melded)
 u - a +0 cloak (melded)
Jewellery
 j - a ring of protection from fire (melded)
 l - a ring of positive energy (melded)
 q - an amulet of reflection (around neck)
 w - a ring of flight
 y - an amulet of faith
Wands
 x - a wand of flame (12)
 A - a wand of paralysis (3)
Scrolls
 d - a scroll of enchant armour
 e - 2 scrolls of teleportation
 h - a scroll of vulnerability
 i - a scroll of magic mapping {unknown}
 k - a scroll of holy word {unknown}
 p - 2 scrolls of immolation
 t - 2 scrolls of fear
 z - a scroll of torment {unknown}
 D - a scroll of identify
 F - a scroll of enchant weapon {unknown}
Potions
 b - a potion of magic {unknown}
 f - 4 potions of curing
 g - 2 potions of brilliance
 n - a potion of mutation {unknown}
 r - 3 potions of heal wounds
 s - a potion of cancellation {unknown}
 E - a potion of invisibility {unknown}


   Skills:
 - Level 4.0(9.0) Fighting
 + Level 15.3(20.3) Axes
 - Level 4.0(9.0) Armour
 - Level 4.0(9.0) Shields


You had 8 spell levels left.
You didn't know any spells.
Your spell library contained the following spells:

 Spells                   Type           Power      Damage    Failure   Level
 Sting                    Tmut/Pois      0%         1d3       41%         1
 Poisonous Vapours        Pois/Air       0%         N/A       54%         2
 Gell's Gravitas          Tloc           0%         N/A       78%         3
 Lesser Beckoning         Tloc           0%         N/A       78%         3
 Portal Projectile        Hex/Tloc       0%         N/A       78%         3
 Teleport Other           Tloc           0%         N/A       78%         3
 Leda's Liquefaction      Hex/Erth       0%         N/A       99%         4
 Olgreb's Toxic Radiance  Pois           0%         N/A       99%         4
 Call Canine Familiar     Summ           Unusable   N/A       N/A         3

Dungeon Overview and Level Annotations

Branches:
Dungeon (7/15)             Temple (1/1) D:5

Altars:
Ashenzari
Cheibriados
Dithmenos
Elyvilon
Fedhas
Hepliaklqana
Kikubaaqudgha
Makhleb
Okawaru
Qazlal
Ru
Sif Muna
Uskayaw
Vehumet
Wu Jian
Xom
Yredelemnul
Zin
The Shining One

Shops:
D:3 *   D:6 *

Portals:
Abyss: D:3

Annotations:
D:3 2 transporters, Godmorgon's ghost, amateur MiFi
D:7 Dowan


Message History

You barely miss Dowan.
Dowan is severely wounded.
Dowan hits you with a +0 dagger.
You hit Dowan but do no damage.
Dowan is severely wounded.
You feel like a meek peon again.
Dowan zaps a wand.
You easily resist.
You gain the combat prowess of a mighty hero.
Dowan points at you and mumbles some strange words.
The shard of ice hits you!!
* * * LOW HITPOINT WARNING * * *
Dowan gestures wildly while chanting.
Dowan blinks!
Dowan barely misses you.
Items here: ! ) / [ †.
You hit Dowan.
Dowan is almost dead.
Dowan casts a spell.
Dowan blinks!
There is a stone staircase leading down here.
You closely miss Dowan.
Dowan is almost dead.
Dowan zaps a wand.
You turn into a filthy swine.
Your +0 war axe melds into your body.
Your +0 cloak melds into your body.
Your +0 helmet melds into your body.
Your +0 buckler melds into your body.
Your +0 chain mail melds into your body.
Your ring of protection from fire melds into your body.
Your ring of positive energy melds into your body.
The now-empty wand crumbles to dust.
Unknown command.
You completely miss Dowan.
Dowan is almost dead.
Dowan casts a spell.
Dowan blinks!
Dowan says, "Her death will not be in vain!"
You hit Dowan but do no damage.
Dowan is almost dead.
Dowan points at you and mumbles some strange words.
The shard of ice hits you!!
You die...

###
#.###########
#.))>he......
#.###########
#.# #.# #.#
#.# ###'###
#.....#
#.....#
#########+#


You could see Dowan (fast, empowered).

Vanquished Creatures
  Sigmund (D:5)
  Eustachio (D:6)
  Edmund (D:6)
  Menkaure (D:6)
  Duvessa (D:7)
  A necrophage (D:6)
  3 ogres
  3 centaurs
  A kobold brigand (D:4)
  A bullfrog (D:6)
  A gnoll sergeant (D:4)
  2 water moccasin zombies (D:5)
  2 scorpions (D:6)
  A water moccasin skeleton (D:4)
  A howler monkey (D:4)
  A bullfrog zombie (D:6)
  3 hounds
  3 jellies
  A gnoll shaman (D:6)
  3 iguanas (D:5)
  Terence (D:2)
  Robin (D:1)
  8 gnolls
  11 adders
  An ufetubus (D:4)
  An adder skeleton (D:4)
  A worm (D:3)
  2 dart slugs
  8 bats
  3 endoplasms
  5 giant cockroaches
  16 goblins
  6 hobgoblins
  7 jackals
  3 quokkas (D:2)
  2 ball pythons
  2 frilled lizards
  5 kobolds
  9 rats
124 creatures vanquished.

Vanquished Creatures (others)
  20 plants
20 creatures vanquished.

Grand Total: 144 creatures vanquished

Notes
Turn   | Place    | Note
-------+----------+-------------------------------------------
     0 | D:1      | safid the Hill Orc Fighter began the quest for the Orb.
     0 | D:1      | Reached XP level 1. HP: 19/19 MP: 1/1
    46 | D:1      | Reached XP level 2. HP: 15/27 MP: 2/2
   211 | D:1      | Reached skill level 3 in Axes
   500 | D:1      | Found a faded altar of an unknown god.
   795 | D:1      | Reached XP level 3. HP: 33/33 MP: 3/3
  1262 | D:2      | Noticed Robin
  1280 | D:1      | Killed Robin
  1589 | D:2      | Reached XP level 4. HP: 40/40 MP: 4/4
  1752 | D:2      | Noticed Terence
  1768 | D:2      | Killed Terence
  1769 | D:2      | Reached skill level 4 in Axes
  2604 | D:3      | Found a burning altar of Makhleb.
  2613 | D:3      | Reached skill level 5 in Axes
  2628 | D:3      | Found Unysokk's Assorted Antiques.
  2685 | D:3      | Found a transporter.
  2696 | D:3      | Noticed a small abomination
  2696 | D:3      | Noticed a small abomination
  2712 | D:3      | Reached XP level 5. HP: 45/46 MP: 5/5
  2770 | D:3      | Found a transporter.
  2863 | D:3      | Found a one-way gate to the infinite horrors of the Abyss.
  2863 | D:3      | Noticed Godmorgon's ghost (amateur MiFi)
  3053 | D:4      | Found a blossoming altar of Fedhas.
  3121 | D:4      | Noticed an ogre
  3129 | D:4      | Killed an ogre
  3130 | D:4      | Reached skill level 6 in Axes
  3130 | D:4      | Reached XP level 6. HP: 13/52 MP: 6/6
  3463 | D:4      | Reached skill level 7 in Axes
  3751 | D:4      | Reached skill level 8 in Axes
  3760 | D:4      | Found a shadowy altar of Dithmenos.
  4076 | D:4      | Reached XP level 7. HP: 56/59 MP: 7/7
  4127 | D:4      | Reached skill level 9 in Axes
  4392 | D:5      | Entered Level 5 of the Dungeon
  4392 | D:5      | Noticed Sigmund
  4401 | D:5      | Killed Sigmund
  4402 | D:5      | Reached skill level 10 in Axes
  4649 | D:5      | Reached skill level 11 in Axes
  4649 | D:5      | Reached XP level 8. HP: 43/66 MP: 8/8
  4811 | D:5      | Found a staircase to the Ecumenical Temple.
  5046 | Temple   | Entered the Ecumenical Temple
  5347 | Temple   | Became a worshipper of Warmaster Okawaru
  5496 | D:5      | Reached skill level 12 in Axes
  5640 | D:5      | Found a white marble altar of Elyvilon.
  5754 | D:5      | Found a stormy altar of Qazlal.
  5757 | D:5      | Found a shimmering blue altar of Sif Muna.
  5760 | D:5      | Found a snail-covered altar of Cheibriados.
  5922 | D:6      | Noticed Eustachio
  5923 | D:6      | Found Zelais's Assorted Antiques.
  5936 | D:6      | Killed Eustachio
  5936 | D:6      | Reached * piety under Okawaru
  5937 | D:6      | Reached skill level 13 in Axes
  5968 | D:6      | Bought a potion of curing for 81 gold pieces
  5968 | D:6      | Bought a scroll of identify for 54 gold pieces
  6042 | D:6      | Noticed Menkaure
  6051 | D:6      | Killed Menkaure
  6052 | D:6      | Reached XP level 9. HP: 68/71 MP: 9/9
  6060 | D:6      | Reached skill level 14 in Axes
  6207 | D:6      | Noticed Edmund
  6229 | D:6      | Killed Edmund
  6797 | D:6      | Reached skill level 15 in Axes
  6982 | D:7      | Noticed Duvessa
  6982 | D:7      | Noticed Dowan
  6997 | D:7      | Killed Duvessa
  7009 | D:7      | Killed from afar by Dowan

Illustrated notes

Levels and vault maps discovered:
D:1:      roderic_crop_circles_arrival_large, layout_basic,
          dilly_ecumenical_altar_fadedgnrine, minmay_misc_feat_ornament,
          corner_web_ring
D:2:      layout_basic, glass_columns_c, uniq_robin, uniq_terence
D:3:      layout_basic, bloody_makhleb, gammafunk_ghost_abyssal_escape,
          serial_shops, nicolae_shop_stone, nrook_mini_vaults
D:4:      layout_layer_cave, fedhas_altar_1, lemuel_tele_altar,
          nicolae_grassy_gnolls
D:5:      layout_cave_pools, elyvilon_altar_3, grunt_temple_overflow_diamond,
          minmay_temple_entry_drinking_statues, minmay_misc_feat_four_crosses,
          kennysheep_generic_room_8, uniq_sigmund
D:6:      layout_basic, serial_shops, nicolae_shop_advertising_works
          [nicolae_subvault_shop_adworks], uniq_eustachio, uniq_edmund,
          uniq_menkaure
D:7:      layout_basic, enter_bailey_3, nicolae_sextant,
          grunt_decor_mini_mirrors, uniq_duvessa
Temple:   minmay_temple_bridge_abc

Skill      XL: |  1  2  3  4  5  6  7  8  9 |
---------------+----------------------------+-----
Axes           | 3 5 6 8 11 13 15 | 15.3
Fighting       | 4 |  4.0
Armour         | 4 |  4.0
Shields        | 4 |  4.0

Action                   |  1- 3 |  4- 6 |  7- 9 || total
-------------------------+-------+-------+-------++-------
Melee: War axe           |   100 |   146 |   206 ||   452
       Unarmed           |       |       |     2 ||     2
Invok: Heroism           |       |       |     3 ||     3
  Use: Potion            |       |       |     1 ||     1
       Scroll            |       |       |     7 ||     7
Armor: Scale mail        |    29 |       |       ||    29
       Chain mail        |    31 |    75 |    59 ||   165
Dodge: Dodged            |    47 |    47 |    55 ||   149
Block: Buckler           |    37 |    47 |    88 ||   172
       Reflection        |       |     1 |     4 ||     5
